 Dungeon Crawl Stone Soup version 0.28-a0-861-ge64d6db94f (webtiles) character file.

Game seed: 2196526854288930790

7 meatgazer the Skirmisher (level 1, 0/18 HPs)
             Began as a Demonspawn Abyssal Knight on Nov 15, 2021.
             Was an Initiate of Lugonu.
             Slain by a ball python (2 damage)
             ... on level 1 of the Dungeon.
             The game lasted 00:01:23 (489 turns).

meatgazer the Skirmisher (Demonspawn Abyssal Knight) Turns: 489, Time: 00:01:24

Health: 0/18       AC:  2    Str: 17    XL:     1   Next: 91%
Magic:  2/2        EV: 11    Int:  9    God:    Lugonu [......]
Gold:   27         SH:  0    Dex: 13    Spells: 0/0 levels left

rFire   . . .      SeeInvis +   a - +1 falchion
rCold   . . .      Faith    .   (no shield)
rNeg    + . .      Spirit   .   d - +0 robe "Loffoqyw" {rN+ Str+4 Int-2 SInv}
rPois   .          Reflect  .   (no helmet)
rElec   .          Harm     .   (no cloak)
rCorr   .          Rampage  .   (no gloves)
Will    .....                   (no boots)
Stlth   +.........              (no amulet)
HPRegen 0.06/turn               (no ring)
MPRegen 0.08/turn               (no ring)

@: no status effects
A: no striking features
a: Renounce Religion


You were on level 1 of the Dungeon.
You worshipped Lugonu.
Lugonu was noncommittal.
You visited 1 branch of the dungeon, and saw 1 of its levels.
You visited the Abyss 1 time.

You collected 27 gold pieces.

Inventory:

Hand Weapons
 a - a +1 falchion (weapon)
Armour
 d - the +0 robe "Loffoqyw" (worn) {rN+ Str+4 Int-2 SInv}
   (You found it on level 4 of the Abyss)

   Str:       It affects your strength (+4).
   Int:       It affects your intelligence (-2).
   rN:        It protects you from negative energy.
   SInv:      It lets you see invisible.
Magical Staves
 c - a staff of air
Scrolls
 b - a scroll of teleportation {unknown}
Potions
 e - a potion of magic


   Skills:
 + Level 3.2 Fighting
 + Level 2.0 Long Blades
 - Level 1.7 Armour
 - Level 0.8 Dodging
 + Level 2.7 Invocations


You couldn't memorise any spells.
You didn't know any spells.
Your spell library was empty.

Dungeon Overview and Level Annotations

Branches:
Dungeon (1/15)

Altars:


Message History

You barely miss the frilled lizard.
The frilled lizard is heavily wounded.
The frilled lizard closely misses you.
You miss the frilled lizard. The frilled lizard misses you.
You closely miss the frilled lizard. The frilled lizard barely misses you.
You barely miss the frilled lizard. The frilled lizard closely misses you.
The frilled lizard barely misses you.
You hit the frilled lizard.
You kill the frilled lizard!
Lugonu accepts your kill.
Found two stone staircases leading down.
Found a dagger.
A hobgoblin comes into view.
The hobgoblin barely misses you.
You completely miss the hobgoblin. The hobgoblin closely misses you.
You barely miss the hobgoblin. The hobgoblin completely misses you.
You hit the hobgoblin.
The hobgoblin is severely wounded.
The hobgoblin hits you.
* * * LOW HITPOINT WARNING * * *
You hit the hobgoblin but do no damage.
The hobgoblin is severely wounded.
The hobgoblin closely misses you. The hobgoblin barely misses you.
You closely miss the hobgoblin.
The hobgoblin is severely wounded.
The hobgoblin barely misses you.
You hit the hobgoblin.
You kill the hobgoblin!
Lugonu accepts your kill.
A bat and a ball python come into view.
Found 3 gold pieces.
A hobgoblin comes into view.
The hobgoblin shouts!
The ball python hisses angrily.
The bat hits you but does no damage.
You slash the bat!
You kill the bat!
Lugonu accepts your kill.
Your Long Blades skill increases to level 2!
The ball python bites you.
You die...

........# ........###
#.# .#
..........####.## .#
................###.###
...>......###.........#
..###...####.#....g...#
.## #...#####.........#
.# #.................#
.####.#.........@.....#
......#.#####.#.S.....#
####..#.# #.#.......#
####..#.# #...##$####
........# #.#.# .#
#.##..### .###. .#
......# .# #. # #......
.. ## ####.##


You could see a hobgoblin and a ball python.

Vanquished Creatures
  3 bats (D:1)
  A hobgoblin (D:1)
  A frilled lizard (D:1)
  A kobold (D:1)
  A rat (D:1)
7 creatures vanquished.

Notes
Turn   | Place    | Note
-------+----------+-------------------------------------------
     0 | Abyss:1  | meatgazer the Demonspawn Abyssal Knight began the quest for
                  | the Orb.
     0 | Abyss:1  | Reached XP level 1. HP: 18/18 MP: 2/2
    56 | Abyss:4  | Noticed a raiju
    56 | Abyss:4  | Noticed a raiju
    62 | Abyss:4  | Noticed a smoke demon
    62 | Abyss:4  | Noticed a large abomination
    71 | Abyss:4  | Identified the +0 robe "Loffoqyw" {rN+ Str+4 Int-2 SInv}
    73 | D:1      | Escaped the Abyss
   489 | D:1      | Slain by a ball python

Illustrated notes

Levels and vault maps discovered:
D:1:      minmay_arrival_semitransparent, layout_loops_ring

Skill      XL: |  1 |
---------------+----+-----
Long Blades    | 2 |  2.0
Fighting       | |  3.2
Armour         | |  1.7
Dodging        | |  0.8
Invocations    | |  2.7

Action                   || total
-------------------------++-------
Melee: Falchion          ||    24
Invok: Depart the Abyss  ||     1
  Use: Potion            ||     3
 Stab: Sleeping          ||     1
Armor: Robe              ||     2
Dodge: Dodged            ||    19

Table legend: (Time is in decaauts)
 A = Elapsed time spent in this place.
 B = Non-inter-level travel time spent in this place.
 C = Inter-level travel time spent in this place.
 D = Time resting spent in this place.
 E = Time spent auto-exploring this place.
 F = Levels seen in this place.
 G = Mean time per level.
                   A        B        C        D        E       F      G
               +--------+--------+--------+--------+--------+-----+--------+
         Total |    491 |    491 |      0 |    313 |     56 |   5 |   98.2 |
       Dungeon |    424 |    424 |      0 |    313 |     36 |   1 |  424.0 |
         Abyss |     67 |     67 |      0 |      0 |     20 |   4 |   16.8 |
               +--------+--------+--------+--------+--------+-----+--------+

Top non-repeatable levels by time:
     D:1: 424 daAuts
 Abyss:2: 22 daAuts
 Abyss:4: 17 daAuts
 Abyss:3: 16 daAuts
 Abyss:1: 11 daAuts
